 Dungeon Crawl Stone Soup version 0.28.0-43-g3370ac3207 (webtiles) character file.

Game seed: 3353255374749573424

63121 CryoSword the Stormcaller (level 15, 0/84 (95) HPs)
             Began as a Tengu Air Elementalist on Mar 9, 2022.
             Was a High Priest of Vehumet.
             Slain by Rupert
             ... wielding a +3 battleaxe of draining
              (22 damage)
             ... while paralysed by Rupert
             ... on level 4 of the Lair of Beasts.
             The game lasted 00:54:47 (29262 turns).

CryoSword the Stormcaller (Tengu Air Elementalist) Turns: 29262, Time: 00:54:48

HP:   0/84 (95)     AC: 12    Str: 11    XL:     15   Next: 8%
MP:   24/26         EV:  2    Int: 19    God:    Vehumet [*****.]
Gold: 1552          SH:  0    Dex: 16    Spells: 14/28 levels left

rFire   . . .      SeeInvis .   b - staff of air
rCold   . . .      Faith    .   B - +1 buckler
rNeg    . . .      Spirit   .   C - +0 steam dragon scales
rPois   .          Reflect  .   (helmet restricted)
rElec   +          Harm     .   g - +2 cloak
rCorr   .          Rampage  .   s - +1 pair of gloves
Will    +....                   (boots unavailable)
Stlth   +++.......              M - amulet of magic regeneration
HPRegen 0.24/turn               u - +4 ring of slaying
MPRegen 0.60/turn               w - ring of wizardry

@: paralysed, flying quickly and evasively, heavily drained, invisible, quick
A: beak, talons 3, nimble flight
a: Renounce Religion


You were on level 4 of the Lair of Beasts.
You worshipped Vehumet.
Vehumet was extremely pleased with you.
You visited 3 branches of the dungeon, and saw 20 of its levels.

You collected 1552 gold pieces.

Inventory:

Missiles
 q - 15 poisoned darts
 y - 7 curare-tipped darts (quivered)
Armour
 g - a +2 cloak (worn)
   (You found it on level 2 of the Dungeon)
 s - a +1 pair of gloves (worn)
   (You found it on level 6 of the Dungeon)
 B - a +1 buckler (worn)
   (You found it on level 10 of the Dungeon)
 C - +0 steam dragon scales (worn)
   (You found it on level 8 of the Dungeon)
Magical Staves
 b - a staff of air (weapon)
   (You acquired it on level 1 of the Dungeon)
Jewellery
 u - a +4 ring of slaying (left hand)
   (You found it on level 6 of the Dungeon)
 w - a ring of wizardry (right hand)
   (You found it on level 7 of the Dungeon)
 E - a ring of protection from cold
   (You found it on level 12 of the Dungeon)
 H - a ring of ice
   (You took it off Fannar on level 1 of the Lair of Beasts)
 J - an amulet of regeneration
   (You found it on level 1 of the Lair of Beasts)
 M - an amulet of magic regeneration (around neck)
   (You found it on level 1 of the Dungeon)
Wands
 i - a wand of digging (4)
   (You found it on level 4 of the Lair of Beasts)
 r - a wand of iceblast (21)
   (You found it on level 5 of the Dungeon)
 F - a wand of acid (3)
   (You took it off Urug on level 1 of the Lair of Beasts)
Scrolls
 c - 7 scrolls of blinking {unknown}
 e - 8 scrolls of teleportation {@r4}
 j - a scroll of holy word {unknown}
 m - 3 scrolls of fear {unknown}
 n - 2 scrolls of identify {@r1}
 p - 2 scrolls of silence {unknown}
 t - a scroll of brand weapon {unknown}
 v - 2 scrolls of enchant armour
 z - 3 scrolls of magic mapping {unknown}
 A - 4 scrolls of fog {unknown}
 G - a scroll of enchant weapon {unknown}
 I - a scroll of torment {unknown}
 L - 2 scrolls of amnesia {unknown}
 N - a scroll of noise {unknown}
 O - 2 scrolls of summoning {unknown}
 P - a scroll of vulnerability {unknown}
Potions
 d - a potion of degeneration {unknown}
 f - 2 potions of resistance {unknown}
 h - a potion of magic {unknown}
 k - 6 potions of brilliance
 l - 3 potions of mutation {!q}
 o - 4 potions of curing {@q1}
 x - a potion of might
 D - 3 potions of berserk rage {unknown}
 K - a potion of invisibility


   Skills:
 + Level 11.4 Fighting
 - Level 12.0 Staves
 + Level 7.1 Armour
 + Level 7.1 Dodging
 + Level 5.1 Stealth
 + Level 6.1 Shields
 + Level 7.1 Spellcasting
 + Level 14.5 Conjurations
 + Level 15.6 Air Magic
 + Level 0.7 Evocations


You had 14 spell levels left.
You knew the following spells:

 Your Spells              Type           Power      Damage    Failure   Level
a - Shock                 Conj/Air       100%       1d9       1%          1
b - Static Discharge      Conj/Air       77%        N/A       1%          2
c - Swiftness             Air            78%        N/A       1%          3
d - Airstrike             Air            39%        N/A       1%          4
e - Iskenderun's Mystic   Conj/Tloc      34%        2d8       1%          4

Your spell library contained the following spells:

 Spells                   Type           Power      Damage    Failure   Level
 Eringya's Noxious Bog    Tmut/Pois      3%         N/A       82%         6
 Freeze                   Ice            24%        1d5       1%          1
 Flame Wave               Conj/Fire      34%        2d8       1%          4
 Fulminant Prism          Conj/Hex       17%        3d11      1%          4
 Hailstorm                Conj/Ice       34%        3d9       1%          4
 Scorch                   Fire           12%        2d5       2%          2
 Frozen Ramparts          Ice            12%        1d3       4%          3
 Beastly Appendage        Tmut           12%        N/A       5%          1
 Wereblood                Tmut           6%         N/A       8%          2
 Call Canine Familiar     Summ           6%         N/A       16%         3
 Portal Projectile        Hex/Tloc       12%        N/A       16%         3
 Spider Form              Tmut/Pois      6%         N/A       16%         3
 Lee's Rapid Deconstruct  Erth           3%         3d6*      32%         5
 Ice Form                 Ice/Tmut       6%         N/A       43%         4
 Leda's Liquefaction      Hex/Erth       3%         N/A       43%         4
 Simulacrum               Ice/Necr       3%         N/A       99%         6
 Summon Cactus Giant      Summ           3%         N/A       99%         6


Dungeon Overview and Level Annotations

Branches:
Dungeon (13/15)            Temple (1/1) D:4            Lair (6/6) D:9
  Swamp (0/4) Lair:2       Spider (0/4) Lair:2        Slime (0/5) Lair:5
    Orc (0/2) D:11
 Vaults: D:13-14

Altars:
Ashenzari
Cheibriados
Elyvilon
Kikubaaqudgha
Makhleb
Nemelex Xobeh
Okawaru
Qazlal
Sif Muna
Trog
Vehumet
Xom
Jiyva

Shops:
D:7 [

Annotations:
D:13 Snorg
Lair:4 Rupert


Innate Abilities, Weirdness & Mutations

You have a beak for a mouth.
You have claws for feet.
Your magical nature lets you fly swiftly and evasively.


Message History

* * * LOW HITPOINT WARNING * * *
x2 You hit vilexx's ghost.
You claw vilexx's ghost, but do no damage.
You feel sick.
* * * LOW HITPOINT WARNING * * *
You are more poisoned.
You feel much better.
You feel very sick.
* * * LOW HITPOINT WARNING * * *
You are more poisoned.
Vilexx's ghost gestures at you while chanting.
The magic dart hits you but does no damage.
You feel better.
* * * LOW HITPOINT WARNING * * *
You are poisoned.
Vilexx's ghost's toxic aura wanes.
Vilexx's ghost mumbles some strange words.
Vilexx's ghost begins to radiate toxic energy.
* * * LOW HITPOINT WARNING * * *
You are more poisoned.
You feel very mighty all of a sudden.
You feel sick.
* * * LOW HITPOINT WARNING * * *
You are more poisoned.
Vilexx's ghost barely misses you.
You hit vilexx's ghost. You claw vilexx's ghost! You peck vilexx's ghost!
You feel sick.
* * * LOW HITPOINT WARNING * * *
You are more poisoned.
Vilexx's ghost waves its arms in wide circles.
The air twists around and strikes you!
* * * LOW HITPOINT WARNING * * *
You hit vilexx's ghost but do no damage.
Vilexx's ghost is electrocuted.
Your kick misses vilexx's ghost.
You feel sick.
You feel better.
* * * LOW HITPOINT WARNING * * *
You are poisoned.
Vilexx's ghost hits you.
* * * LOW HITPOINT WARNING * * *
x2 You hit vilexx's ghost.
Vilexx's ghost is electrocuted.
Your kick misses vilexx's ghost. You peck vilexx's ghost.
You destroy vilexx's ghost!
Vehumet accepts your kill.
You feel sick.
You feel sick.
You feel sick.
You feel sick.
You feel sick.
You are no longer poisoned.
You start resting.
You start resting.
You feel a little less mighty now.
You start resting.
You start waiting.
Done waiting.
Done exploring.
Done exploring.
There is an open translucent door here.
Okay, then.
(D) Dungeon (T) Temple (L) Lair (S) Swamp (N) Spider Nest (M) Slime Pits (O) Orcish Mines
Where to? (? - help)
Okay, then.
(D) Dungeon (T) Temple (L) Lair (S) Swamp (N) Spider Nest (M) Slime Pits (O) Orcish Mines
Where to? (? - help)
What level of the Lair of Beasts? (default 1, ? - help)
There is an open translucent door here.
Aim: a black bear (wandering, hasn't noticed you, empty space bonus: 8/8)
You feel a surge of power!
The air twists around and strikes the black bear!!
The black bear growls angrily.
The black bear goes berserk!
Aim: a black bear (severely wounded, berserk, empty space bonus: 8/8)
You feel a surge of power!
The air twists around and strikes the black bear!!
You kill the black bear!
Vehumet accepts your kill.
(D) Dungeon (T) Temple (L) Lair (S) Swamp (N) Spider Nest (M) Slime Pits (O) Orcish Mines
Where to? (Enter - Lair:4, ? - help)
There is a stone staircase leading down here.
You fly downwards.
There is a stone staircase leading up here.
There is a stone staircase leading down here.
You fly downwards.
Level annotation: Rupert
There is a stone staircase leading up here.
Really fly into a travel-excluded area?
Rupert shouts!
Aim: Rupert, wielding a +3 battleaxe of draining and wearing a +0 scale mail (empty space bonus: 4/8)
You feel a surge of power!
The air twists around and strikes Rupert!
Aim: Rupert, wielding a +3 battleaxe of draining and wearing a +0 scale mail (lightly wounded, empty space bonus: 4/8)
You feel a surge of power!
The air twists around and strikes Rupert!
Rupert roars wildly at you.
You struggle to resist.
Aim: Rupert, wielding a +3 battleaxe of draining and wearing a +0 scale mail (moderately wounded, empty space bonus: 4/8)
You feel a surge of power!
The air twists around and strikes Rupert!
Rupert hits you with a +3 battleaxe of draining.
You feel drained.
You feel a surge of power!
The fungus is struck by an arc of lightning!
The fungus begins to die.
The lightning grounds out.
Rupert is struck by an arc of lightning!
The fungus is struck by an arc of lightning. x2
The fungus begins to die.
The fungus is struck by an arc of lightning!
The lightning grounds out.
Rupert hits you with a +3 battleaxe of draining!
You feel drained.
You feel a surge of power!
The fungus is struck by an arc of lightning!
Rupert is struck by an arc of lightning!
The lightning grounds out.
Rupert is struck by an arc of lightning.
The fungus is struck by an arc of lightning!
The fungus is struck by an arc of lightning. x2
The lightning grounds out.
You block Rupert's attack.
You feel a surge of power!
Rupert is struck by an arc of lightning!
The fungus is struck by an arc of lightning!
The fungus is struck by an arc of lightning. x2
The lightning grounds out.
Rupert hits you with a +3 battleaxe of draining!!
* * * LOW HITPOINT WARNING * * *
You feel drained.
* * * LOW HITPOINT WARNING * * *
A nearby fungus withers and dies. x2
Rupert yells loudly at you.
You struggle to resist.
Rupert yells loudly at you.
You struggle to resist.
Rupert screams, "Die, monster!"
You see here 23 bolts.
Rupert roars wildly at you.
You suddenly lose the ability to move!
Rupert hits you with a +3 battleaxe of draining!
* * * LOW HITPOINT WARNING * * *
You feel drained.
* * * LOW HITPOINT WARNING * * *
You can move again.
Unknown command.
You fade into invisibility!
Rupert yells loudly at something.
You suddenly lose the ability to move!
Rupert hits you with a +3 battleaxe of draining!!
You die...

.............## ##...#
.###....#P##.# #####.##
.#####.####..###.##P.P#
..# #P.# #..#.P.#...##
.## #P.# ##.........##
.#####.# ##..........#
.#.###.####...>.......#
.#..##.#..#..........##
................@<...#
###............@.....#
##.................#
#..........##.##..#
##........######P.#
###........#### #..#
##.#........##.###..#
##.#......^..###..##.#
.....................#


You could see Rupert.

Vanquished Creatures
  The ghost of vilexx the Destroyer, a journeyman DsCj of Gozag (Lair:2)
  Fannar (Lair:1)
  A boulder beetle (Lair:5)
  10 hydras
  A two-headed ogre (D:11)
  The ghost of P0WERM0DE the Grappler, a journeyman VSAK of Lugonu (D:10)
  Urug (Lair:1)
  Pikel (D:8)
  A harpy (shapeshifter) (D:8)
  A wolf spider (Lair:6)
  An ugly thing (D:7)
  A cyclops (D:11)
  2 manticores
  4 centaur zombies
  A guardian serpent (Lair:6)
  12 black mambas
  2 torpor snails
  14 elephants
  19 cane toads
  3 rime drakes
  6 komodo dragons
  4 polar bears
  4 hornets
  Grinder (D:5)
  26 blink frogs
  18 dream sheep
  2 shadows
  Sigmund (D:3)
  3 spriggans (Lair:2)
  3 basilisks
  A wraith (D:9)
  52 yaks
  15 wyverns
  5 redbacks
  2 steam dragons
  7 vampire mosquitoes
  27 water moccasins
  2 ice beasts
  3 black bears (Lair:2)
  5 orc warriors
  A sky beast (D:7)
  3 ogres
  3 necrophages
  27 wolves
  8 centaurs
  A phantom (D:5)
  4 lemures (D:8)
  10 bullfrogs
  2 kobold brigands
  A gnoll sergeant (D:10)
  A scorpion (D:6)
  6 killer bees (D:9)
  10 howler monkeys
  2 bullfrog zombies
  2 jellies
  2 centaur skeletons (D:7)
  Crazy Yiuf (D:3)
  2 hounds
  4 orc priests
  2 bullfrog skeletons (D:6)
  3 iguanas
  Ijyb (D:4)
  13 orc wizards
  A killer bee zombie (D:8)
  A howler monkey zombie (D:7)
  4 gnolls (D:10)
  A howler monkey skeleton (D:6)
  3 adders (D:3)
  2 ufetubi
  2 worms
  A dart slug (D:2)
  39 orcs
  3 ball pythons
  8 endoplasms
  5 giant cockroaches
  6 hobgoblins
  4 jackals (D:1)
  3 quokkas
  8 bats
  3 frilled lizards
  12 goblins
  21 kobolds
  A quokka skeleton (D:4)
  10 rats
512 creatures vanquished.

Vanquished Creatures (others)
  70 fungi
  91 plants
161 creatures vanquished.

Grand Total: 673 creatures vanquished

Notes
Turn   | Place    | Note
-------+----------+-------------------------------------------
     0 | D:1      | CryoSword the Tengu Air Elementalist began the quest for
                  | the Orb.
     0 | D:1      | Reached XP level 1. HP: 10/10 MP: 4/4
   113 | D:1      | Found a faded altar of an unknown god.
   186 | D:1      | Reached XP level 2. HP: 16/16 MP: 3/6
   390 | D:1      | Learned a level 2 spell: Static Discharge
   691 | D:1      | Reached skill level 1 in Fighting
   756 | D:1      | Reached XP level 3. HP: 20/20 MP: 5/7
  1100 | D:1      | Identified a scroll of acquirement
  1101 | D:1      | Acquired a staff of air
  1341 | D:2      | Reached skill level 5 in Air Magic
  2015 | D:2      | Reached XP level 4. HP: 25/25 MP: 6/8
  2053 | D:2      | Learned a level 3 spell: Swiftness
  2275 | D:3      | Reached skill level 1 in Staves
  2422 | D:3      | Noticed Sigmund
  2427 | D:3      | Killed Sigmund
  2428 | D:3      | Reached skill level 6 in Air Magic
  2428 | D:3      | Gained mutation: Your magical nature lets you fly swiftly
                  | and evasively. [Tengu growth]
  2428 | D:3      | Reached XP level 5. HP: 30/31 MP: 2/9
  2428 | D:3      | Reached XP level 6. HP: 34/36 MP: 2/10
  2693 | D:3      | Found a runed translucent door.
  2694 | D:3      | Noticed Crazy Yiuf
  3515 | D:4      | Noticed an orc warrior
  3712 | D:4      | Noticed Ijyb
  3714 | D:4      | Paralysed by Ijyb for 4 turns
  3721 | D:4      | Killed Ijyb
  3883 | D:4      | Killed an orc warrior
  3884 | D:4      | Reached skill level 7 in Air Magic
  3884 | D:4      | Reached XP level 7. HP: 39/40 MP: 6/11
  3898 | D:4      | Learned a level 4 spell: Airstrike
  4001 | D:4      | Found a staircase to the Ecumenical Temple.
  4148 | D:5      | Entered Level 5 of the Dungeon
  4173 | Temple   | Entered the Ecumenical Temple
  4304 | Temple   | Became a worshipper of Vehumet
  4468 | D:5      | Noticed Grinder
  4823 | D:5      | Reached skill level 5 in Conjurations
  4971 | D:5      | Killed Grinder
  4972 | D:5      | Reached skill level 8 in Air Magic
  4972 | D:5      | Reached XP level 8. HP: 48/48 MP: 1/13
  5259 | D:6      | Reached * piety under Vehumet
  5259 | D:6      | Offered knowledge of Magic Dart by Vehumet.
  5463 | D:6      | Reached skill level 5 in Staves
  5638 | D:6      | Reached skill level 5 in Fighting
  5865 | D:6      | Reached XP level 9. HP: 54/55 MP: 11/16
  5968 | D:7      | Found Ydij's Armour Shop.
  6022 | D:7      | Found a sparkling altar of Nemelex Xobeh.
  6752 | D:7      | Noticed a cyan ugly thing
  6886 | D:7      | Reached ** piety under Vehumet
  7020 | D:7      | Offered knowledge of Poisonous Vapours by Vehumet.
  7981 | D:8      | Noticed Pikel
  7988 | D:8      | Killed Pikel
  7989 | D:8      | Reached skill level 5 in Dodging
  7989 | D:8      | Reached skill level 5 in Stealth
  7989 | D:8      | Reached XP level 10. HP: 61/61 MP: 11/17
  8237 | D:8      | Noticed a harpy
  8246 | D:8      | Killed a harpy
  8616 | D:8      | Identified the +5 plate armour "Lucwaop" {rN+}
  9185 | D:9      | Offered knowledge of Mephitic Cloud by Vehumet.
  9260 | D:9      | Reached *** piety under Vehumet
  9729 | D:9      | Reached skill level 9 in Air Magic
  9957 | D:9      | Found a staircase to the Lair.
 10180 | D:10     | Entered Level 10 of the Dungeon
 10180 | D:10     | Found a runed translucent door.
 10183 | D:10     | Found a shimmering altar of Xom.
 10183 | D:10     | Noticed P0WERM0DE's ghost (journeyman VSAK)
 10183 | D:10     | Noticed a +3 long sword of chaos
 10193 | D:10     | You are sucked into a shaft and drop 3 floors!
 10208 | D:13     | Noticed Snorg
 10367 | D:12     | Noticed a seven-headed hydra
 11020 | D:12     | Noticed a seven-headed hydra
 11060 | D:11     | Noticed a manticore
 11328 | D:10     | Offered knowledge of Iskenderun's Mystic Blast by Vehumet.
 11337 | D:10     | Learned a level 4 spell: Iskenderun's Mystic Blast
 11617 | D:10     | Reached skill level 10 in Air Magic
 11617 | D:10     | Reached XP level 11. HP: 44/68 MP: 6/18
 12204 | D:11     | Noticed a cyclops
 12209 | D:11     | Killed a cyclops
 12312 | D:11     | Noticed a two-headed ogre
 12324 | D:11     | Killed a two-headed ogre
 12325 | D:11     | Reached skill level 1 in Shields
 12477 | D:11     | Killed a manticore
 12664 | D:11     | Found a staircase to the Orcish Mines.
 12782 | D:11     | Reached skill level 11 in Air Magic
 13037 | D:11     | Reached **** piety under Vehumet
 13467 | D:12     | Killed a seven-headed hydra
 13468 | D:12     | Reached skill level 1 in Armour
 13820 | D:12     | Identified the +0 leather armour of the Echidna {rN+ Str+6
                  | Dex-3}
 14015 | Lair:1   | Entered Level 1 of the Lair of Beasts
 14365 | Lair:1   | Offered knowledge of Frozen Ramparts by Vehumet.
 14464 | Lair:1   | Noticed Urug
 14467 | Lair:1   | Reached skill level 10 in Conjurations
 14763 | Lair:1   | Killed Urug
 14764 | Lair:1   | Reached skill level 10 in Staves
 14764 | Lair:1   | Reached XP level 12. HP: 75/75 MP: 7/19
 14809 | Lair:1   | Noticed Fannar
 14819 | Lair:1   | Killed Fannar
 14820 | Lair:1   | Reached skill level 12 in Air Magic
 16051 | Lair:2   | Found a hole to the Spider Nest.
 16275 | Lair:2   | Noticed a six-headed hydra
 16280 | Lair:2   | Killed a six-headed hydra
 16381 | Lair:2   | Reached ***** piety under Vehumet
 16381 | Lair:2   | Offered knowledge of Freezing Cloud by Vehumet.
 16445 | Lair:2   | Reached skill level 13 in Air Magic
 16667 | Lair:2   | Found a staircase to the Swamp.
 16819 | Lair:2   | Noticed a six-headed hydra
 16839 | Lair:2   | Killed a six-headed hydra
 16921 | Lair:2   | Found a runed translucent door.
 16922 | Lair:2   | Noticed vilexx's ghost (journeyman DsCj)
 17242 | Lair:2   | Identified the +9 spear "Lacrorit" {vamp, rC+ Will++}
 17428 | Lair:3   | Reached XP level 13. HP: 40/80 MP: 12/20
 17888 | Lair:3   | Reached skill level 5 in Shields
 18016 | Lair:3   | Reached skill level 5 in Armour
 18858 | Lair:4   | Reached skill level 10 in Fighting
 18975 | Lair:4   | Reached skill level 14 in Air Magic
 19326 | Lair:4   | Reached skill level 5 in Spellcasting
 19559 | Lair:4   | HP: 4/82 [cane toad (21)]
 20137 | Lair:4   | Offered knowledge of Starburst by Vehumet.
 20267 | Lair:4   | Noticed Rupert
 20891 | Lair:4   | Found a white marble altar of Elyvilon.
 21593 | Lair:5   | Reached XP level 14. HP: 68/88 MP: 11/23
 22015 | Lair:5   | Found a viscous altar of Jiyva.
 22015 | Lair:5   | Found a staircase to the Slime Pits.
 22222 | Lair:6   | Entered Level 6 of the Lair of Beasts
 23776 | Lair:6   | Offered knowledge of Eringya's Noxious Bog by Vehumet.
 23819 | Lair:6   | Reached skill level 15 in Air Magic
 26492 | D:7      | Reached XP level 15. HP: 95/95 MP: 7/26
 26646 | D:3      | Killed Crazy Yiuf
 27074 | D:10     | Killed P0WERM0DE's ghost
 27793 | Lair:2   | Found a hole to the Spider Nest.
 27898 | Lair:2   | Found a staircase to the Swamp.
 28728 | Lair:2   | Killed vilexx's ghost
 29249 | Lair:4   | Paralysed by Rupert for 4 turns
 29260 | Lair:4   | Paralysed by Rupert for 6 turns
 29262 | Lair:4   | Slain by Rupert

Illustrated notes

Levels and vault maps discovered:
D:1:      minmay_arrival_open_corners, layout_loops_ring,
          hellmonk_ecumenical_altar_slurped_away
D:2:      minmay_skewed_foursquare, layout_basic
D:3:      layout_loops_ring, uniq_sigmund, uniq_crazy_yiuf_cottage
D:4:      layout_gridville, minmay_temple_entry_overgrown,
          guppyfry_early_orc_mine, uniq_ijyb
D:5:      layout_cave_pools, uniq_grinder
D:6:      layout_rooms, kennysheep_dice
D:7:      layout_basic, lemuel_tele_altar, serial_shops, shop_coins,
          st_stairs_9, serial_park_tiny_1
D:8:      layout_basic, uniq_pikel
D:9:      layout_stronghold, lair_entry_dummy, hex_large
D:10:     layout_loops_ring, ebering_ghost_xom, hangedman_abyss_or_decor_passed,
          minmay_statues_item
D:11:     layout_loops_ring, orc_0_dummy
D:12:     layout_stronghold
D:13:     layout_irregular_city, ximxim_vaults_locker_room, minmay_liquid_box,
          kennysheep_generic_room_3, uniq_kirke, uniq_snorg
Temple:   roderic_octagonal_lattice_temple
Lair:1:   layout_gridlike, uniq_fannar, uniq_urug
Lair:2:   layout_chaotic_city, minmay_swamp_entry_swarm, spider_nest_entry_webs,
          ebering_ghost_funeral_grove, forest_entry_grove
Lair:3:   layout_hall_layers, infiniplex_staircase_pool_2
Lair:4:   layout_small_grid, fungi_pond_lemuel, lemuel_centaur_altar,
          uniq_rupert
Lair:5:   layout_gridlike, dpeg_slime_entry_enclosed_altar,
          nicolae_quartered_pool_super
Lair:6:   hangedman_lair_tendril_chambers, layout_cave_pods

Skill      XL: |  1  2  3  4  5  6  7  8  9 10 11 12 13 14 |
---------------+-------------------------------------------+-----
Conjurations   | 2 3 4 5 8 10 12 13 14 | 14.5
Fighting       | 1 2 4 5 6 8 9 10 11 | 11.4
Air Magic      | 5 6 7 8 10 11 13 14 15 | 15.6
Staves         | 2 4 6 7 9 10 11 12 | 12.0
Spellcasting   | 3 4 5 7 |  7.1
Dodging        | 5 6 7 |  7.1
Stealth        | 5 |  5.1
Shields        | 3 4 5 6 |  6.1
Armour         | 2 4 6 7 |  7.1
Evocations     | |  0.7

Action                   |  1- 3 |  4- 6 |  7- 9 | 10-12 | 13-15 || total
-------------------------+-------+-------+-------+-------+-------++-------
Melee: Unarmed           |     9 |       |       |       |       ||     9
       Peck              |     4 |     2 |    10 |    20 |    29 ||    65
       Staff             |     9 |     8 |    47 |    61 |    95 ||   220
       Kick              |     1 |     3 |    20 |    30 |    40 ||    94
 Cast: Shock             |    68 |    73 |   139 |   169 |   110 ||   559
       Static Discharge  |     4 |    12 |    61 |   219 |   255 ||   551
       Airstrike         |       |       |     5 |    52 |   212 ||   269
       Swiftness         |       |       |       |     1 |     1 ||     2
       Iskenderun's Myst |       |       |       |       |    20 ||    20
  Use: Scroll            |     3 |     1 |       |     5 |     9 ||    18
       Potion            |       |       |       |       |    14 ||    14
 Stab: Sleeping          |       |       |     1 |     2 |     2 ||     5
       Distracted        |       |       |       |     1 |       ||     1
Armor: Robe              |     7 |     8 |    25 |     4 |       ||    44
       Steam dragon scal |       |       |       |    72 |    68 ||   140
Dodge: Dodged            |    24 |    18 |    69 |   211 |   234 ||   556
Block: Buckler           |       |       |       |    42 |   115 ||   157
